[Event "Team 45 45 League T95"]
[Site "Internet Chess Club"]
[Date "2023.01.16"]
[Round "1"]
[White "Denis240964"]
[Black "pandaknight"]
[Result "0-1"]
[WhiteElo "1333"]
[BlackElo "1143"]
[Opening "Caro-Kann: classical variation"]
[ECO "B18"]
[Time "11:05:05"]
[PlyCount "82"]
[TimeControl "2700+45"]

1. e4 c6 2. d4 d5 3. Nc3 dxe4 4. Nxe4 Bf5 5. Ng3 Bg6 6. Nf3 Nd7 7. c3 e6 8. Be2
Ngf6 9. O-O Be7 10. Bf4 O-O 11. Ne5 Nxe5 12. Bxe5 c5 13. Rc1 Rc8 14. Bf3 b5 15.
Bb7 Qb6 16. Bxc8 Rxc8 17. Re1 cxd4 18. Bxd4 Qc7 19. Qf3 Qc6 20. Qxc6 Rxc6 21.
Bxa7 Ra6 22. Bd4 Rxa2 23. Re2 Nd5 24. Be3 h6 25. Rd2 Nxe3 26. fxe3 Ba3 27. Rd8+
Bf8 28. b4 f6 29. Rb8 Bd3 30. Rd1 Bc4 31. Rbd8 Rc2 32. R1d2 Rxc3 33. h3 Rxe3 34.
Kh2 Bd5 35. Rb8 Kf7 36. Rxb5 Rb3 37. Rb8 Bd6 38. Rd1 Bxg3+ 39. Kg1 Bxb8 40. Rd2
Bg3 41. Kf1 Bc4+ {White resigns} 0-1

[Event "Team 45 45 League T95"]
[Site "Internet Chess Club"]
[Date "2023.01.13"]
[Round "1"]
[White "elmaestro"]
[Black "fhunfi"]
[Result "0-1"]
[WhiteElo "1622"]
[BlackElo "1697"]
[Opening "Bird's opening"]
[ECO "A02"]
[Time "16:04:57"]
[PlyCount "68"]
[TimeControl "2700+45"]

1. f4 f5 2. Nf3 Nf6 3. e3 b6 4. Nc3 Bb7 5. d3 e6 6. Be2 g6 7. O-O Bg7 8. Qe1 O-O
9. Bd1 Nc6 10. e4 Ne7 11. e5 Nfd5 12. Nxd5 Nxd5 13. c4 Ne7 14. Rb1 d5 15. exd6
Qxd6 16. Qe3 Nc6 17. b3 e5 18. Be2 Rfe8 19. fxe5 Nxe5 20. Qd2 Rad8 21. Bb2 Nxf3+
22. Bxf3 Bd4+ 23. Kh1 Bxf3 24. Rxf3 Re7 25. Bxd4 Qxd4 26. h3 Rde8 27. Qb2 Re1+
28. Kh2 Qg1+ 29. Kg3 Rxb1 30. Qf6 Qe1+ 31. Kf4 Qe6 32. Qc3 Re1 33. d4 h6 34. Qd2
Qd6# {White checkmated} 0-1

[Event "Team 45 45 League T95"]
[Site "Internet Chess Club"]
[Date "2023.01.13"]
[Round "1"]
[White "fireball"]
[Black "burlap"]
[Result "1/2-1/2"]
[WhiteElo "1572"]
[BlackElo "1235"]
[Opening "French: Winawer, advance, 6...Ne7"]
[ECO "C18"]
[Time "11:00:51"]
[PlyCount "110"]
[TimeControl "2700+45"]

1. e4 e6 2. d4 d5 3. Nc3 Bb4 4. e5 c5 5. a3 Bxc3+ 6. bxc3 Ne7 7. Bb5+ Bd7 8.
Bxd7+ Nxd7 9. Nf3 O-O 10. O-O Rc8 11. Bg5 f6 12. exf6 Nxf6 13. Bxf6 Rxf6 14. Re1
cxd4 15. Qxd4 Nc6 16. Qd3 Qb6 17. Re2 h6 18. Qe3 Qb2 19. Ree1 Qxc2 20. Re2 Qh7
21. Nd4 Nxd4 22. Qxd4 b6 23. Rae1 Re8 24. Qa4 Re7 25. Qc6 Qf5 26. h3 e5 27.
Qxd5+ Kh7 28. Qe4 Qxe4 29. Rxe4 Rc7 30. R1e3 Rfc6 31. Rxe5 Rxc3 32. Kf1 Rxe3 33.
Rxe3 Rc1+ 34. Ke2 Rc2+ 35. Kf3 Kg6 36. h4 Kh5 37. g3 g5 38. hxg5 Kxg5 39. Re2
Rc3+ 40. Re3 Rxe3+ 41. Kxe3 Kg4 42. Ke4 h5 43. Ke3 a6 44. f4 Kf5 45. Kd4 Ke6 46.
Ke4 b5 47. Kd4 a5 48. Kc5 b4 49. axb4 axb4 50. Kxb4 Kf5 51. Kc4 Kg4 52. Kd4 h4
53. gxh4 Kxf4 54. h5 Kg5 55. h6 Kxh6 {Game drawn because neither player has
mating material} 1/2-1/2

[Event "Team 45 45 League T95"]
[Site "Internet Chess Club"]
[Date "2023.01.13"]
[Round "1"]
[White "jcule"]
[Black "vollmerj"]
[Result "0-1"]
[WhiteElo "1329"]
[BlackElo "1519"]
[Opening "Queen's pawn game"]
[ECO "A46"]
[Time "16:38:09"]
[PlyCount "60"]
[TimeControl "2700+45"]

1. d4 Nf6 2. Nf3 c5 3. c3 e6 4. Bg5 cxd4 5. cxd4 Be7 6. e3 O-O 7. Bd3 d5 8. O-O
Nc6 9. a3 h6 10. Bf4 Nh5 11. Ne5 Nxf4 12. exf4 Nxe5 13. fxe5 Bd7 14. Nc3 f5 15.
f4 a6 16. Rb1 Qb6 17. Bc2 Rac8 18. Rf2 Rc4 19. Rd2 Rfc8 20. Bb3 R4c7 21. Rc1 Kh8
22. Rd3 Bb5 23. Rd2 Bxa3 24. Rdc2 Bxb2 25. Nxb5 axb5 26. Rxc7 Rxc7 27. Rxc7 Qxc7
28. Qd3 Qc1+ 29. Bd1 Qxf4 30. Qxb5 Qxd4+ {White resigns} 0-1

[Event "Team 45 45 League T95"]
[Site "Internet Chess Club"]
[Date "2023.01.12"]
[Round "1"]
[White "smsxman"]
[Black "Fulmar"]
[Result "1/2-1/2"]
[WhiteElo "1513"]
[BlackElo "1307"]
[Opening "French defense"]
[ECO "C00"]
[Time "11:30:08"]
[PlyCount "158"]
[TimeControl "2700+45"]

1. e4 e6 2. Nf3 d5 3. exd5 exd5 4. d4 Bd6 5. Nc3 c6 6. Be2 Bf5 7. Bg5 f6 8. Be3
Ne7 9. a3 Qc7 10. b4 a6 11. Rb1 b5 12. a4 Nd7 13. a5 Nf8 14. Nh4 Bg6 15. g3 Nf5
16. Nxf5 Bxf5 17. O-O h5 18. Bf3 Qf7 19. Re1 O-O-O 20. Qd2 g5 21. Ne2 g4 22. Bg2
Ng6 23. Bf4 h4 24. Bxd6 Rxd6 25. Nf4 Qh7 26. h3 hxg3 27. fxg3 gxh3 28. Bf3 Rg8
29. Kf2 Qh6 30. Rh1 Rd7 31. Rbd1 Nxf4 32. Qxf4 Qxf4 33. gxf4 Re7 34. c3 Kd7 35.
Rh2 Kd6 36. Re1 Rxe1 37. Kxe1 Ke6 38. Kf2 Kf7 39. Rh1 Rg7 40. Rh2 Kg8 41. Rh1
Kf8 42. Rg1 Rxg1 43. Kxg1 Kg7 44. Kh2 Kh6 45. Kg3 Be4 46. Bg4 Bg2 47. Kh2 Kg6
48. Kg3 f5 49. Be2 Kh6 50. Kh2 Kg6 51. Kg3 Kh6 52. Kf2 Kg6 53. Bd3 Kf6 54. Bc2
Kg6 55. Kg3 Kf6 56. Bb1 Be4 57. Ba2 Bg2 58. Bb3 Kg6 59. Bd1 Kh6 60. Kh2 Kg6 61.
Be2 Kh6 62. Bd3 Kg6 63. Kg3 Kf6 64. Bc2 Kg6 65. Bd1 Kh6 66. Kh2 Kg6 67. Be2 Kh6
68. Bd1 Kg6 69. Bc2 Kf6 70. Kg3 Kg6 71. Bd1 Kh6 72. Be2 Kg6 73. Kh2 Kh6 74. Kg3
Kg6 75. Bf3 Kh6 76. Bxg2 hxg2 77. Kxg2 Kh5 78. Kg3 Kh6 79. Kh4 Kg6 {Game drawn
by mutual agreement} 1/2-1/2

[Event "Team 45 45 League T95"]
[Site "Internet Chess Club"]
[Date "2023.01.15"]
[Round "1"]
[White "primerpaso"]
[Black "fileman"]
[Result "1-0"]
[WhiteElo "1776"]
[BlackElo "1742"]
[Opening "English opening"]
[ECO "A10"]
[Time "14:11:09"]
[PlyCount "48"]
[TimeControl "2700+45"]

1. c4 g6 2. Nc3 d6 3. g3 e5 4. Bg2 f5 5. e3 Nf6 6. Nge2 c6 7. d4 Be7 8. O-O O-O
9. b3 Na6 10. Ba3 Qe8 11. Qd2 Be6 12. d5 cxd5 13. Nxd5 Nxd5 14. Bxd5 Qd7 15. Nc3
Rfd8 16. Rfd1 Kg7 17. Nb5 Nc5 18. Bxe6 Qxe6 19. Nc7 Qf6 20. Nxa8 Rxa8 21. Bxc5
dxc5 22. Qc3 h5 23. Rd5 e4 24. Qxf6+ Bxf6 {Black resigns} 1-0

[Event "Team 45 45 League T95"]
[Site "Internet Chess Club"]
[Date "2023.01.15"]
[Round "1"]
[White "Redman1"]
[Black "ElValero"]
[Result "1/2-1/2"]
[WhiteElo "1597"]
[BlackElo "1705"]
[Opening "English opening"]
[ECO "A13"]
[Time "11:00:35"]
[PlyCount "32"]
[TimeControl "2700+45"]

1. c4 e6 2. Nf3 Nf6 3. g3 c5 4. Bg2 d5 5. cxd5 Nxd5 6. O-O Be7 7. d4 Nc6 8. Nc3
cxd4 9. Nb5 e5 10. b3 Be6 11. Bb2 O-O 12. Na3 Rc8 13. Nc4 f6 14. Rc1 Qd7 15.
Nfd2 b5 16. Na3 Bxa3 {Game drawn by mutual agreement} 1/2-1/2

[Event "Team 45 45 League T95"]
[Site "Internet Chess Club"]
[Date "2023.01.12"]
[Round "1"]
[White "QuieroAprender"]
[Black "MrAbendroth"]
[Result "1-0"]
[WhiteElo "1588"]
[BlackElo "1669"]
[Opening "Queen's bishop game"]
[ECO "A45"]
[Time "09:18:05"]
[PlyCount "111"]
[TimeControl "2700+45"]

1. d4 Nf6 2. Bf4 d5 3. Nf3 e6 4. e3 b6 5. Nbd2 Be7 6. Bd3 Bb7 7. Ne5 Nbd7 8.
Ndf3 Ne4 9. Nxd7 Qxd7 10. Ne5 Qc8 11. c3 O-O 12. f3 Nf6 13. h3 Nh5 14. g3 Nxf4
15. gxf4 Bh4+ 16. Ke2 f6 17. Ng4 h5 18. Bg6 Ba6+ 19. Kd2 e5 20. Qg1 exf4 21.
Nh6+ Kh8 22. Nf5 Bg5 23. e4 dxe4 24. fxe4 Qe6 25. h4 Bh6 26. Nxh6 gxh6 27. Qf2
Rg8 28. Rhg1 Qd6 29. Qf3 Qf8 30. Qxf4 Bc8 31. Qxc7 Rg7 32. Qf4 Rg8 33. Bxh5 f5
34. Qe5+ Kh7 35. Qc7+ Rg7 36. Bg6+ Kh8 37. Qe5 fxe4 38. Bxe4 Qf2+ 39. Kd3 Ba6+
40. c4 Bxc4+ 41. Kc3 Qe3+ 42. Kxc4 Rc8+ 43. Kd5 Rd8+ 44. Kc4 Rc8+ 45. Kb4 Qd2+
46. Kb3 Qe3+ 47. Ka4 b5+ 48. Kxb5 Qe2+ 49. Ka5 Qd2+ 50. b4 Rg8 51. Bd5 Qc3 52.
Rxg7 Qa3+ 53. Kb5 Qd3+ 54. Kc5 Qc3+ 55. Bc4 Rxg7 56. Rg1 {Black resigns} 1-0

[Event "Team 45 45 League T95"]
[Site "Internet Chess Club"]
[Date "2023.01.13"]
[Round "1"]
[White "LoseOften"]
[Black "Gilguli"]
[Result "0-1"]
[WhiteElo "1559"]
[BlackElo "1403"]
[Opening "Ruy Lopez: open (Tarrasch) defense"]
[ECO "C80"]
[Time "09:00:44"]
[PlyCount "52"]
[TimeControl "2700+45"]

1. e4 e5 2. Nf3 Nc6 3. Bb5 Nf6 4. O-O a6 5. Ba4 Nxe4 6. Re1 d5 7. Nxe5 Bd6 8.
Nxc6 Qh4 9. Qf3 Qxh2+ 10. Kf1 O-O 11. Nc3 Ng5 12. Qxd5 Qh1+ 13. Ke2 Re8+ 14. Ne5
Qh5+ 15. f3 Rxe5+ 16. Kd1 Rxe1+ 17. Kxe1 Qh1+ 18. Kf2 Be6 19. Qxg5 b5 20. Bb3
Re8 21. Ne4 Be7 22. Qf4 Bh4+ 23. g3 Qh2+ 24. Ke3 Qg1+ 25. Kd3 Rd8+ 26. Kc3 Qd4#
{White checkmated} 0-1

[Event "Team 45 45 League T95"]
[Site "Internet Chess Club"]
[Date "2023.01.16"]
[Round "1"]
[White "bobhill"]
[Black "room-matt"]
[Result "0-1"]
[WhiteElo "1791"]
[BlackElo "1830"]
[Opening "Queen's bishop game"]
[ECO "D02"]
[Time "14:08:11"]
[PlyCount "70"]
[TimeControl "2700+45"]

1. d4 d5 2. Nf3 Nf6 3. Bf4 c5 4. e3 Nc6 5. c3 Qb6 6. Qb3 c4 7. Qxb6 axb6 8. Na3
Bf5 9. Nh4 Bd7 10. Nb5 Ra5 11. a4 Na7 12. Nxa7 Rxa7 13. Bc7 Rxa4 14. Rxa4 Bxa4
15. Bxb6 e6 16. Be2 Bd6 17. O-O O-O 18. Ra1 Ra8 19. e4 Nxe4 20. Nf3 Ra6 21. Bd8
f6 22. Ne1 Kf8 23. f3 Nd2 24. b4 cxb3 25. Bxa6 b2 26. Rxa4 b1=Q 27. Kf2 bxa6 28.
Rxa6 Nc4 29. Ra8 Kf7 30. Ra7+ Kg6 31. h4 Qb2+ 32. Kg1 Bg3 33. h5+ Kh6 34. Kh1
Qf2 35. Ra1 Qf1# {White checkmated} 0-1

[Event "Team 45 45 League T95"]
[Site "Internet Chess Club"]
[Date "2023.01.13"]
[Round "1"]
[White "Packerfan"]
[Black "Beetlejuice"]
[Result "0-1"]
[WhiteElo "1732"]
[BlackElo "1719"]
[Opening "Dutch: Leningrad, main variation with c6"]
[ECO "A88"]
[Time "14:30:55"]
[PlyCount "120"]
[TimeControl "2700+45"]

1. c4 f5 2. Nc3 Nf6 3. g3 g6 4. Bg2 Bg7 5. d4 d6 6. Nf3 O-O 7. O-O c6 8. b3 Na6
9. Bb2 Qc7 10. Rc1 e5 11. dxe5 dxe5 12. e3 e4 13. Nd4 Rd8 14. Qe2 Nc5 15. f3 Nd3
16. Rcd1 Nxb2 17. Qxb2 exf3 18. Bxf3 Re8 19. Rfe1 Bd7 20. e4 fxe4 21. Nxe4 Nxe4
22. Rxe4 Rxe4 23. Bxe4 c5 24. Bd5+ Kh8 25. Qf2 cxd4 26. Rxd4 Qc5 27. Re4 Qxf2+
28. Kxf2 Bc6 29. Re7 Bxd5 30. cxd5 Rd8 31. Rxb7 Bd4+ 32. Kf3 Rxd5 33. Ke4 Rd6
34. g4 Bb6 35. g5 Rc6 36. Kd5 Rc5+ 37. Ke6 Rxg5 38. Kf6 Rf5+ 39. Ke6 Rf2 40. a4
Rxh2 41. a5 Bg1 42. b4 Rh5 43. b5 Rc5 44. Kf7 Rf5+ 45. Ke6 h5 46. b6 Rxa5 47.
bxa7 Rxa7 48. Rb1 Bd4 49. Kd5 Bg7 50. Ke4 Rf7 51. Rg1 Kh7 52. Rh1 Kh6 53. Rd1 g5
54. Rd6+ Rf6 55. Rd8 h4 56. Rd3 Rf4+ 57. Ke3 Kh5 58. Rd7 Bh6 59. Rh7 h3 60. Rb7
g4 {White resigns} 0-1

[Event "Team 45 45 League T95"]
[Site "Internet Chess Club"]
[Date "2023.01.16"]
[Round "1"]
[White "discipulo"]
[Black "RD1974"]
[Result "1-0"]
[WhiteElo "1719"]
[BlackElo "1596"]
[Opening "English opening"]
[ECO "A10"]
[Time "14:00:33"]
[PlyCount "73"]
[TimeControl "2700+45"]

1. c4 b6 2. e4 Bb7 3. Nc3 e6 4. d4 Bb4 5. Bd3 d5 6. cxd5 exd5 7. e5 Ne7 8. a3
Bxc3+ 9. bxc3 O-O 10. Qh5 g6 11. Qe2 Kg7 12. Bg5 Nd7 13. Qd2 Re8 14. Ne2 Qc8 15.
O-O Ng8 16. f4 f5 17. g4 fxg4 18. f5 Nxe5 19. dxe5 Rxe5 20. Qf4 Qe8 21. fxg6
hxg6 22. Qxg4 Bc8 23. Qg2 Bd7 24. Rae1 c5 25. Bf4 Re6 26. Bg3 Bc6 27. Nf4 Rxe1
28. Rxe1 Qd7 29. Ne6+ Kf7 30. Qf2+ Nf6 31. Ng5+ Kg7 32. Re6 Rf8 33. Be5 Kg8 34.
Rxf6 Qg4+ 35. Qg2 Qd1+ 36. Bf1 d4 37. Rxf8+ {Black resigns} 1-0

[Event "Team 45 45 League T95"]
[Site "Internet Chess Club"]
[Date "2023.01.16"]
[Round "1"]
[White "vollmerj"]
[Black "ivanson"]
[Result "1/2-1/2"]
[WhiteElo "1522"]
[BlackElo "1590"]
[Opening "King's Indian: fianchetto, classical variation"]
[ECO "E67"]
[Time "19:00:32"]
[PlyCount "41"]
[TimeControl "2700+45"]

1. Nf3 Nf6 2. g3 g6 3. Bg2 Bg7 4. O-O O-O 5. d4 d6 6. c4 Nbd7 7. Nc3 e5 8. dxe5
dxe5 9. Nd5 c6 10. Nxf6+ Bxf6 11. Bh6 Re8 12. Qd2 Qb6 13. Be3 Qc7 14. Rfd1 Nf8
15. Qd6 Qxd6 16. Rxd6 Be6 17. Rd2 Bxc4 18. b3 Bd5 19. Rad1 Ne6 20. Ne1 Bxg2 21.
Kxg2 {Game drawn by mutual agreement} 1/2-1/2

[Event "Team 45 45 League T95"]
[Site "Internet Chess Club"]
[Date "2023.01.13"]
[Round "1"]
[White "trogers41"]
[Black "BlueStorm"]
[Result "0-1"]
[WhiteElo "1368"]
[BlackElo "1561"]
[Opening "Caro-Kann: advance variation"]
[ECO "B12"]
[Time "14:00:41"]
[PlyCount "115"]
[TimeControl "2700+45"]

1. e4 c6 2. d4 d5 3. e5 Bf5 4. Nf3 e6 5. Be2 Nd7 6. O-O Be7 7. Bd3 Bg6 8. Re1 c5
9. c3 c4 10. Bxg6 hxg6 11. Bf4 Qb6 12. Qc1 O-O-O 13. Nbd2 Nh6 14. Nf1 Nf5 15. b3
cxb3 16. axb3 Kb8 17. Qb2 Nh4 18. N1d2 f6 19. exf6+ Bd6 20. Bxd6+ Qxd6 21. fxg7
Nxf3+ 22. Nxf3 Rh7 23. Qd2 Rxg7 24. Qg5 Rh8 25. Ne5 Nxe5 26. Qxe5 Qxe5 27. Rxe5
Re7 28. f4 a6 29. Rae1 Rhe8 30. Kf2 Kc8 31. Kg3 Kd7 32. Kg4 Rg7 33. h4 Kd6 34.
Kg5 Ree7 35. g3 b5 36. Ra1 Ra7 37. Kg4 Rgc7 38. Re3 Ke7 39. Kg5 Kf7 40. h5 gxh5
41. Kxh5 Kf6 42. Kg4 Rg7+ 43. Kf3 a5 44. g4 a4 45. bxa4 bxa4 46. g5+ Kf7 47. Ra3
Ra6 48. Kg4 Kg6 49. Rh3 Rb7 50. Rh6+ Kg7 51. Rh2 Rb3 52. Rha2 Rxa3 53. Rxa3 Kg6
54. Kg3 Kf5 55. Kf3 Ra8 56. Ra2 a3 57. Kg3 Ra7 58. Kf3 {White resigns} 0-1

[Event "Team 45 45 League T95"]
[Site "Internet Chess Club"]
[Date "2023.01.14"]
[Round "1"]
[White "BrerRabbit"]
[Black "Fulmar"]
[Result "1/2-1/2"]
[WhiteElo "1333"]
[BlackElo "1308"]
[Opening "Queen's pawn game, Darooha variation "]
[ECO "D02"]
[Time "19:02:04"]
[PlyCount "109"]
[TimeControl "2700+45"]

1. d4 d5 2. Nf3 Nf6 3. g3 Bf5 4. Bg2 c6 5. c4 e6 6. Nc3 h6 7. Qb3 Qb6 8. c5 Qxb3
9. axb3 Nbd7 10. b4 a6 11. h3 Be7 12. g4 Bh7 13. Bf4 Ne4 14. Nd2 Nxc3 15. bxc3
g5 16. Bg3 Rg8 17. Nb3 Bd8 18. Bd6 Be7 19. Bg3 Bd8 20. Bd6 Rc8 21. Na5 Bxa5 22.
bxa5 Ra8 23. Kd2 f5 24. Rab1 Ra7 25. Rb4 f4 26. Ra1 Kd8 27. Re1 Re8 28. e3 e5
29. exf4 exf4 30. Rxe8+ Kxe8 31. Bf3 Be4 32. Bxe4 dxe4 33. Rb1 Kf7 34. Re1 Nf6
35. Be5 Ra8 36. Bxf6 Kxf6 37. Rxe4 Rh8 38. Re1 h5 39. Rb1 hxg4 40. hxg4 Rh7 41.
Kd3 Rh3+ 42. Kd2 Rh2 43. Ke2 Rh7 44. Rb3 Ke6 45. c4 Kf6 46. Rb6 Rc7 47. d5 Ke5
48. d6 Rd7 49. Kd3 Rh7 50. f3 Rd7 51. Rb1 Rh7 52. Re1+ Kf6 53. Rb1 Ke5 54. Re1+
Kf6 55. Rb1 {Game drawn by mutual agreement} 1/2-1/2

[Event "Team 45 45 League T95"]
[Site "Internet Chess Club"]
[Date "2023.01.13"]
[Round "1"]
[White "Reykjaviking"]
[Black "smsxman"]
[Result "0-1"]
[WhiteElo "1294"]
[BlackElo "1509"]
[Opening "English opening"]
[ECO "A10"]
[Time "21:10:55"]
[PlyCount "100"]
[TimeControl "2700+45"]

1. c4 d5 2. cxd5 Qxd5 3. Nc3 Qd8 4. Nf3 e6 5. d4 Nf6 6. Bf4 Bb4 7. Rc1 O-O 8. e3
c5 9. a3 Bxc3+ 10. bxc3 cxd4 11. cxd4 Qa5+ 12. Nd2 Qxa3 13. Bc4 Nc6 14. O-O a6
15. Ra1 Qe7 16. Qf3 Bd7 17. g4 Rfc8 18. g5 Ne8 19. Ne4 Qb4 20. Be2 Ne7 21. Rab1
Qa4 22. Nc5 Rxc5 23. dxc5 Bc6 24. Qh3 Qc2 25. Bf3 Qxc5 26. Rfc1 Qf5 27. Bg4 Qd5
28. Bf3 Qxf3 29. Qxf3 Bxf3 30. Be5 Ng6 31. Bg3 f6 32. h4 fxg5 33. hxg5 e5 34.
Rb6 Kf7 35. Rcb1 h6 36. gxh6 gxh6 37. R1b4 Bc6 38. e4 h5 39. f3 h4 40. Be1 Nd6
41. Bd2 Rh8 42. Rb1 h3 43. Kf2 Nc4 44. Rxb7+ Bxb7 45. Rxb7+ Ke6 46. Kg1 Nh4 47.
Bb4 Nxf3+ 48. Kf2 h2 49. Re7+ Kf6 50. Kxf3 h1=Q+ {White resigns} 0-1

[Event "Team 45 45 League T95"]
[Site "Internet Chess Club"]
[Date "2023.01.12"]
[Round "1"]
[White "Ostap-Bender"]
[Black "woofgang"]
[Result "1/2-1/2"]
[WhiteElo "1196"]
[BlackElo "1147"]
[Opening "Pirc defense"]
[ECO "B07"]
[Time "09:00:55"]
[PlyCount "85"]
[TimeControl "2700+45"]

1. e4 d6 2. d4 Nf6 3. Bd3 Nbd7 4. Nf3 e5 5. dxe5 dxe5 6. O-O c6 7. Re1 Be7 8.
Nc3 Qc7 9. Bd2 h6 10. Qe2 g5 11. h3 Nf8 12. Nh2 Ng6 13. Ng4 Nxg4 14. hxg4 Qd7
15. f3 h5 16. Nd1 hxg4 17. fxg4 Qxg4 18. Qxg4 Bxg4 19. Ne3 Bc5 20. Kf1 Be6 21.
Nf5 f6 22. Ng7+ Kf7 23. Nxe6 Rh1+ 24. Ke2 Rxe1+ 25. Rxe1 Kxe6 26. Bc4+ Ke7 27.
Rh1 Rh8 28. Rxh8 Nxh8 29. g4 Nf7 30. Kf3 Nd6 31. Bd3 Kf7 32. b4 Bg1 33. c4 b5
34. cxb5 cxb5 35. Ke2 a6 36. Kd1 Kg7 37. Kc2 Nf7 38. Kb3 Nh6 39. Be2 Bh2 40. a4
Bf4 41. Bc3 Be3 42. axb5 axb5 43. Kc2 {Game drawn by mutual agreement} 1/2-1/2

[Event "Team 45 45 League T95"]
[Site "Internet Chess Club"]
[Date "2023.01.15"]
[Round "1"]
[White "sdcohle"]
[Black "ChessG2011"]
[Result "1/2-1/2"]
[WhiteElo "1308"]
[BlackElo "1372"]
[Opening "Ruy Lopez: Morphy defense"]
[ECO "C77"]
[Time "13:08:05"]
[PlyCount "88"]
[TimeControl "2700+45"]

1. e4 e5 2. Nf3 Nc6 3. Bb5 a6 4. Ba4 Nf6 5. c3 Bc5 6. d4 exd4 7. e5 Ng8 8. cxd4
Bb4+ 9. Nc3 Nge7 10. O-O O-O 11. a3 Ba5 12. Bc2 Ng6 13. Qd3 d6 14. Re1 dxe5 15.
d5 Nce7 16. b4 Bb6 17. Nxe5 Bf5 18. Qd2 Bxc2 19. Nxg6 fxg6 20. Re2 Bf5 21. Qg5
Nxd5 22. Nxd5 Qxd5 23. Bb2 Qd8 24. Qg3 Re8 25. Qc3 Qd7 26. Rd2 Qf7 27. h3 Rad8
28. Rad1 Rxd2 29. Qxd2 Qe7 30. Qc3 Rf8 31. Re1 Be6 32. Re2 Qf7 33. Qe5 Bxf2+ 34.
Kh1 Bc4 35. Rxf2 Qd7 36. Rxf8+ Kxf8 37. Qc5+ Qd6 38. Qxc4 Qd2 39. Qd4 Qxd4 40.
Bxd4 Kf7 41. g4 g5 42. Kg2 g6 43. Kf3 h5 44. gxh5 gxh5 {Game drawn by mutual
agreement} 1/2-1/2

[Event "Team 45 45 League T95"]
[Site "Internet Chess Club"]
[Date "2023.01.14"]
[Round "1"]
[White "Pawnchain"]
[Black "Tjet"]
[Result "1/2-1/2"]
[WhiteElo "1295"]
[BlackElo "1245"]
[Opening "Pirc: Byrne variation"]
[ECO "B07"]
[Time "14:00:41"]
[PlyCount "39"]
[TimeControl "2700+45"]

1. d4 d6 2. e4 Nf6 3. Nc3 g6 4. Bg5 Bg7 5. e5 dxe5 6. dxe5 Qxd1+ 7. Rxd1 Nfd7 8.
e6 Bxc3+ 9. bxc3 Nc5 10. exf7+ Kxf7 11. Bc4+ e6 12. Nf3 Nc6 13. O-O h6 14. Be3
Ne4 15. Rd3 b6 16. Nd4 Ne5 17. Bxe6+ Bxe6 18. Nxe6 Nxd3 19. Nxc7 Rac8 20. cxd3
{Game drawn by mutual agreement} 1/2-1/2

[Event "Team 45 45 League T95"]
[Site "Internet Chess Club"]
[Date "2023.01.16"]
[Round "1"]
[White "seattleblues"]
[Black "Toalla"]
[Result "0-1"]
[WhiteElo "1218"]
[BlackElo "1131"]
[Opening "QGD Slav: 4.Nc3"]
[ECO "D15"]
[Time "19:04:22"]
[PlyCount "46"]
[TimeControl "2700+45"]

1. d4 Nf6 2. Nf3 d5 3. c4 c6 4. Nc3 Bf5 5. cxd5 cxd5 6. Qb3 Qd7 7. Ne5 Qc7 8.
Nxd5 Qa5+ 9. Bd2 Qxd5 10. Qc3 Qd8 11. e3 Nd5 12. Bb5+ Bd7 13. Bxd7+ Nxd7 14. Qb3
e6 15. O-O Rb8 16. Rac1 Nxe5 17. dxe5 Qb6 18. Qa4+ Ke7 19. Ba5 Qa6 20. e4 b5 21.
Qa3+ b4 22. Rc7+ Nxc7 23. Bxb4+ Ke8 {White resigns} 0-1

[Event "Team 45 45 League T95"]
[Site "Internet Chess Club"]
[Date "2023.01.14"]
[Round "1"]
[White "alexgame"]
[Black "dwmt"]
[Result "1-0"]
[WhiteElo "1177"]
[BlackElo "1129"]
[Opening "Owen defense"]
[ECO "B00"]
[Time "10:00:56"]
[PlyCount "77"]
[TimeControl "2700+45"]

1. e4 b6 2. Nf3 Bb7 3. Bd3 d5 4. Nc3 dxe4 5. Nxe4 e6 6. O-O Nd7 7. c3 Ngf6 8.
Ng3 g6 9. Bc2 Bg7 10. d4 O-O 11. Bd2 Ba6 12. Ne2 c5 13. Ne5 Bb7 14. Ng3 cxd4 15.
cxd4 a5 16. f4 b5 17. Kh1 b4 18. Bb3 Ra7 19. Be3 Qa8 20. d5 Ba6 21. Bxa7 Bxf1
22. Qxf1 Qxa7 23. Nxf7 Nxd5 24. Ng5 Rxf4 25. Qxf4 Nxf4 26. Nxe6 Nxe6 27. Bxe6+
Kf8 28. Rf1+ Bf6 29. Bxd7 Qxd7 30. Rxf6+ Kg7 31. Rf1 Qd2 32. Ne4 Qxb2 33. Ng5
Qxa2 34. h4 b3 35. Rf7+ Kg8 36. Rb7 b2 37. Rb8+ Kg7 38. Rb7+ Kh6 39. Rxh7#
{Black checkmated} 1-0

[Event "Team 45 45 League T95"]
[Site "Internet Chess Club"]
[Date "2023.01.14"]
[Round "1"]
[White "scostanzo212"]
[Black "ElValero"]
[Result "0-1"]
[WhiteElo "1556"]
[BlackElo "1710"]
[Opening "QGD: exchange, positional line"]
[ECO "D35"]
[Time "10:00:49"]
[PlyCount "80"]
[TimeControl "2700+45"]

1. d4 Nf6 2. c4 e6 3. Nc3 d5 4. cxd5 exd5 5. Bg5 Nbd7 6. e3 c6 7. Nf3 Be7 8.
Bxf6 Nxf6 9. Bd3 Bg4 10. Be2 O-O 11. O-O Bd6 12. a3 Re8 13. b4 a6 14. Rc1 Bc7
15. Nd2 Qd6 16. g3 Bh3 17. Re1 a5 18. bxa5 Rxa5 19. a4 Ra7 20. Qc2 Ba5 21. Ra1
h5 22. Nf3 Ne4 23. Nxe4 dxe4 24. Nd2 Bxd2 25. Qxd2 Rea8 26. Qb2 h4 27. Qb6 Qd7
28. a5 Bg4 29. Bf1 hxg3 30. hxg3 Bf3 31. Ra2 Qd5 32. Rea1 g6 33. a6 Qh5 34. Bg2
Kg7 35. Ra5 Qh6 36. Qc7 bxa6 37. Qe5+ f6 38. Qf4 g5 39. Rxg5+ Qxg5 40. Qxg5+
fxg5 {White resigns} 0-1

[Event "Team 45 45 League T95"]
[Site "Internet Chess Club"]
[Date "2023.01.12"]
[Round "1"]
[White "julesraider"]
[Black "Signofthetimes"]
[Result "0-1"]
[WhiteElo "1608"]
[BlackElo "1551"]
[Opening "QGD Slav: 4.e3 Bf5"]
[ECO "D12"]
[Time "09:00:47"]
[PlyCount "70"]
[TimeControl "2700+45"]

1. d4 c6 2. c4 d5 3. Nf3 Nf6 4. e3 Bf5 5. Nc3 e6 6. Nh4 Bg4 7. f3 Bh5 8. g4 Bg6
9. Nxg6 hxg6 10. Qb3 Qc7 11. Qc2 Bd6 12. h3 Bg3+ 13. Kd1 Bh4 14. Ne2 Nbd7 15.
Bd2 dxc4 16. Qxc4 O-O-O 17. Bg2 Nb6 18. Qc2 Nfd7 19. Ba5 Qd6 20. a3 e5 21. Bb4
Qc7 22. Kc1 exd4 23. Nxd4 Bf6 24. Rd1 Nd5 25. Bd2 Bxd4 26. exd4 Qg3 27. Ba5 Ne3
28. Qd2 Nc4 29. Qc2 Nxa5 30. b4 Nb3+ 31. Qxb3 Qxg2 32. Qxf7 Rxh3 33. Ra2 Qxf3
34. Qxg6 Qc3+ 35. Kb1 Qb3+ {White resigns} 0-1

[Event "Team 45 45 League T95"]
[Site "Internet Chess Club"]
[Date "2023.01.13"]
[Round "1"]
[White "tightfist"]
[Black "mongmong"]
[Result "0-1"]
[WhiteElo "1350"]
[BlackElo "1535"]
[Opening "French defense"]
[ECO "A04"]
[Time "19:46:02"]
[PlyCount "126"]
[TimeControl "2700+45"]

1. Nf3 e6 2. e4 d5 3. exd5 exd5 4. d4 Bd6 5. Bg5 f6 6. Bh4 Ne7 7. Bg3 O-O 8. Bd3
Bf5 9. Bxd6 Qxd6 10. O-O Bg4 11. Nbd2 Nd7 12. c3 c6 13. Qc2 g6 14. Rfe1 Be6 15.
c4 dxc4 16. Nxc4 Bxc4 17. Qxc4+ Nd5 18. Re4 Nb6 19. Qb3 Rfe8 20. Rae1 Qf8 21. a3
Kg7 22. h3 Rxe4 23. Rxe4 Re8 24. Rxe8 Qxe8 25. Kf1 Qe6 26. Qc2 Nf4 27. b3 Nxd3
28. Qxd3 Nd5 29. Qc4 Nf4 30. Qxe6 Nxe6 31. g3 Nc7 32. Ke2 Kf7 33. Kd3 Ke6 34.
Nd2 Nb5 35. a4 Nd6 36. Ne4 Nxe4 37. Kxe4 f5+ 38. Kd3 Kd5 39. b4 b6 40. f3 a6 41.
h4 h6 42. Kc3 g5 43. hxg5 hxg5 44. Kd3 c5 45. dxc5 bxc5 46. bxc5 Kxc5 47. Kc3 a5
48. g4 f4 49. Kd3 Kb4 50. Kd4 Kxa4 51. Kc4 Ka3 52. Kc3 a4 53. Kc2 Kb4 54. Kb2
a3+ 55. Kc2 Kc4 56. Kb1 Kd3 57. Ka2 Ke3 58. Kxa3 Kxf3 59. Kb2 Kxg4 60. Kc2 Kg3
61. Kd2 Kg2 62. Ke2 f3+ 63. Ke1 f2+ {White resigns} 0-1